 Dungeon Crawl Stone Soup version 0.28.0-49-g6dfe1f597d (webtiles) character file.

Game seed: 17081127619408661076

33 JaMaZz the Cutter (level 3, 0/29 HPs)
             Began as a Human Berserker on May 16, 2022.
             Was a Follower of Trog.
             Succumbed to an adder's poison
             ... on level 2 of the Dungeon.
             The game lasted 00:07:14 (1190 turns).

JaMaZz the Cutter (Human Berserker)                 Turns: 1190, Time: 00:07:15

Health: 0/29       AC:  2    Str: 17    XL:     3   Next: 47%
Magic:  3/3        EV: 12    Int:  7    God:    Trog [*.....]
Gold:   23         SH:  0    Dex: 14    Spells: 2/2 levels left

rFire   . . .      SeeInvis .   a - +0 short sword
rCold   . . .      Faith    .   (no shield)
rNeg    . . .      Spirit   .   b - +0 animal skin
rPois   .          Reflect  .   (no helmet)
rElec   .          Harm     .   (no cloak)
rCorr   .          Rampage  .   (no gloves)
Will    .....                   (no boots)
Stlth   +.........              (no amulet)
HPRegen 0.09/turn               (no ring)
MPRegen 0.08/turn               (no ring)

@: lethally poisoned (0 -> -5)
A: no striking features
a: Renounce Religion, Berserk


You were on level 2 of the Dungeon.
You worshipped Trog.
Trog was aware of your devotion.
You visited 1 branch of the dungeon, and saw 2 of its levels.

You collected 23 gold pieces.

Inventory:

Hand Weapons
 a - a +0 short sword (weapon)
 f - a +0 short sword
Armour
 b - a +0 animal skin (worn)
 d - a +0 cloak
Jewellery
 g - a ring of wizardry
Scrolls
 c - a scroll of identify {unknown}
 e - a scroll of silence {unknown}


   Skills:
 + Level 3.4 Fighting
 + Level 3.6 Short Blades
 + Level 2.0 Armour
 + Level 2.2 Dodging
 + Level 0.2 Stealth


You had 2 spell levels left.
You didn't know any spells.
Your spell library contained the following spells:

 Spells                   Type           Power      Damage    Failure   Level
 Ignite Poison            Fire/Tmut/Pois 0%         N/A       80%         3
 Mephitic Cloud           Conj/Pois/Air  0%         N/A       80%         3
 Freezing Cloud           Conj/Ice/Air   0%         6-21      100%        5


Dungeon Overview and Level Annotations

Branches:
Dungeon (2/15)

Altars:


Message History

The goblin is heavily wounded.
The adder misses you. The goblin barely misses you.
The adder closely misses you.
You miss the adder. The adder bites you. The goblin misses you.
You hit the goblin.
You kill the goblin!
Trog accepts your kill. The adder bites you.
You miss the adder. The adder bites you. The rat closely misses you.
You hit the rat.
You kill the rat!
Trog accepts your kill. The adder bites you.
You hit the adder. You punch the adder.
The adder is heavily wounded.
The adder barely misses you. The adder bites you.
You are poisoned.
The adder poisons you!
You feel sick. The adder barely misses you.
Things that are here:
a +0 club; a rat corpse You miss the adder.
The adder is heavily wounded.
You feel sick. The adder bites you.
* * * LOW HITPOINT WARNING * * *
You are lethally poisoned!
The adder poisons you!
You barely miss the adder.
The adder is heavily wounded.
* * * LOW HITPOINT WARNING * * *
You feel sick. The adder bites you but does no damage.
You miss the adder.
The adder is heavily wounded.
* * * LOW HITPOINT WARNING * * *
You feel sick. The adder barely misses you. The adder closely misses you.
You hit the adder.
The adder is severely wounded.
* * * LOW HITPOINT WARNING * * *
You feel sick. The adder completely misses you.
You die...

## .# .# #. ##.#
#.. ## #..#
#...#.######.#
#....S.^...##
##...).##...#######
##...@####.##....#
####...##.......##
###.###.#..#..##
#.# #...##.#.#
#...###.#)##.#
##......†#..#
.....#..#...##
####....###.##
###<.###..# #


You could see an adder.

Vanquished Creatures
  An adder (D:1)
  A dart slug (D:1)
  A bat (D:1)
  2 giant cockroaches
  A hobgoblin (D:1)
  2 jackals (D:1)
  2 quokkas (D:1)
  3 ball pythons (D:1)
  A frilled lizard (D:1)
  3 goblins
  2 kobolds (D:1)
  5 rats
24 creatures vanquished.

Notes
Turn   | Place    | Note
-------+----------+-------------------------------------------
     0 | D:1      | JaMaZz the Human Berserker began the quest for the Orb.
     0 | D:1      | Reached XP level 1. HP: 18/18 MP: 1/1
   291 | D:1      | Reached XP level 2. HP: 7/24 MP: 2/2
   789 | D:2      | Found a faded altar of an unknown god.
   844 | D:1      | Reached XP level 3. HP: 4/29 MP: 3/3
  1189 | D:2      | HP: 1/29 [poisoned by an adder]
  1190 | D:2      | Succumbed to an adder's poison

Illustrated notes

Levels and vault maps discovered:
D:1:      noname_arrival_rooms_in_the_neighbourhood, layout_basic
D:2:      layout_rooms, hellmonk_ecumenical_altar_run_dry, grunt_ministairs_7,
          minmay_tetromino_s2

Action                   || total
-------------------------++-------
Melee: Short sword       ||    72
       Punch             ||     3
  Use: Potion            ||     1
Armor: Animal skin       ||     9
Dodge: Dodged            ||    53
